 Dungeon Crawl Stone Soup version 0.24-a0-507-g3e8b242632 (webtiles) character file.

Game seed: 5573988145173162855

61039 nikopol the Eclecticist (level 14, -1/72 HPs)
             Began as a Deep Elf Fire Elementalist on July 16, 2019.
             Was a High Priest of Vehumet.
             Succumbed to Nessos's poison
             ... on level 1 of the Orcish Mines on July 18, 2019.
             The game lasted 01:17:43 (25956 turns).

nikopol the Eclecticist (DEFE)                     Turns: 25956, Time: 01:17:44

Health: -1/72      AC: 17    Str:  5    XL:     14   Next: 59%
Magic:  37/37      EV:  7    Int: 26    God:    Vehumet [*****.]
Gold:   1862       SH:  0    Dex: 18    Spells: 25/48 levels left

rFire    . . .     SeeInvis .   o - staff of wizardry
rCold    + + .     Gourm    .   (no shield)
rNeg     . . .     Faith    .   F - +1 ice dragon scales "Tinked Ben" {rF- rC++ rCorr Dex+3}
rPois    .         Spirit   .   K - +0 helmet
rElec    .         Reflect  .   (no cloak)
rCorr    +         Harm     .   w - +1 pair of gloves
MR       ++...                  s - +0 pair of boots
Stlth    ++........             N - amulet of magic regeneration
HPRegen  0.22/turn              C - ring of protection from fire
MPRegen  0.50/turn              V - ring of protection from magic

@: lethally poisoned (-1 -> -19)
A: no striking features
a: Renounce Religion


You were on level 1 of the Orcish Mines.
You worshipped Vehumet.
Vehumet was extremely pleased with you.
You were not hungry.

You visited 4 branches of the dungeon, and saw 19 of its levels.
You also visited: Ice Cave.

You collected 1862 gold pieces.

Inventory:

Armour
 s - a +0 pair of boots (worn)
 w - a +1 pair of gloves (worn)
 F - the +1 ice dragon scales "Tinked Ben" (worn) {rF- rC++ rCorr Dex+3}
   (You found it in an ice cave)

   It affects your dexterity (+3).
   It makes you vulnerable to fire.
   It greatly protects you from cold.
   It provides partial protection from all sources of acid and corrosion.
 K - a +0 helmet (worn)
Magical Staves
 o - an uncursed staff of wizardry (weapon)
Jewellery
 n - an uncursed ring of flight
 C - a ring of protection from fire (left hand)
 H - an uncursed amulet of the acrobat
 N - an amulet of magic regeneration (around neck)
 O - an uncursed ring of magical power
 R - an uncursed ring of ice
 S - an uncursed amulet of regeneration {unknown}
 U - a +3 amulet of reflection {unknown}
 V - a ring of protection from magic (right hand)
Wands
 h - a wand of flame (20)
 u - a wand of polymorph (7)
 z - a wand of acid (13)
 E - a wand of enslavement (4)
 I - a wand of paralysis (16)
 P - a wand of clouds (5)
Scrolls
 b - 10 scrolls of teleportation
 f - 5 scrolls of fear
 g - 2 scrolls of random uselessness {unknown}
 j - 6 scrolls of amnesia
 k - 9 scrolls of remove curse
 p - a scroll of immolation
 x - 4 scrolls of enchant weapon
 y - 2 scrolls of fog
 A - a scroll of magic mapping {unknown}
 D - a scroll of enchant armour {unknown}
 J - a scroll of acquirement {unknown}
 L - a scroll of summoning {unknown}
 Q - a scroll of brand weapon {unknown}
Potions
 a - a potion of agility
 d - 2 potions of curing
 e - a potion of ambrosia
 i - 3 potions of heal wounds
 l - a potion of cancellation
 m - 5 potions of magic
 q - 2 potions of resistance
 r - 2 potions of flight
 t - 4 potions of berserk rage
 B - 2 potions of lignification
 G - 5 potions of brilliance
 M - a potion of mutation
Comestibles
 c - 19 rations
 v - 4 chunks of flesh


   Skills:
 + Level 2.0 Fighting
 * Level 6.8 Armour
 + Level 5.6 Dodging
 + Level 5.1 Stealth
 + Level 17.9 Spellcasting
 + Level 13.7 Conjurations
 + Level 14.7 Fire Magic
 + Level 4.2 Earth Magic
 + Level 0.8 Evocations


You had 25 spell levels left.
You knew the following spells:

 Your Spells              Type           Power        Failure   Level  Hunger
a - Flame Tongue          Conj/Fire      #####        1%          1    None
b - Throw Flame           Conj/Fire      ######       1%          2    None
c - Conjure Flame         Conj/Fire      #######.     1%          3    None
d - Sticky Flame          Conj/Fire      #######.     1%          4    None
e - Fireball              Conj/Fire      #######...   1%          5    None
f - Dazzling Spray        Conj/Hex       ######       1%          3    None
g - Bolt of Magma         Conj/Fire/Erth ######....   2%          5    None

Your spell library contained the following spells:

 Spells                   Type           Power        Failure   Level  Hunger
 Force Lance              Conj/Tloc      ######..     4%          4    None
 Inner Flame              Hex/Fire       ######..     1%          3    None
 Confusing Touch          Hex            ###...       22%         1    None
 Confuse                  Hex            ###.....     52%         3    None
 Gell's Gravitas          Tloc           ###.......   52%         3    None
 Petrify                  Tmut/Erth      ####....     65%         4    None
 Yara's Violent Unravell  Hex/Tmut       ###.......   77%         5    None
 Metabolic Englaciation   Hex/Ice        ###.......   99%         5    None


Dungeon Overview and Level Annotations

Branches:
Dungeon (10/15)            Temple (1/1) D:6            Lair (6/6) D:10
  Swamp (0/4) Lair:2        Snake (0/4) Lair:3        Slime (0/5) Lair:6
    Orc (2/2) D:9             Elf (0/3) Orc:2

Altars:
Ashenzari
Cheibriados
Elyvilon
Fedhas
Hepliaklqana
Kikubaaqudgha
Makhleb
Nemelex Xobeh
Okawaru
Qazlal
Ru
Sif Muna
Trog
Uskayaw
Vehumet
Wu Jian
Xom
Yredelemnul
Zin
The Shining One
Beogh

Shops:
D:5 :

Portals:
Hell: Lair:6

Annotations:
D:2 Sigmund
D:4 2 transporters, Azzok's ghost, amateur DDFi
Orc:2 Nessos


Message History

You feel sick.
Nessos blinks!
Some of the chunks of flesh in your inventory have rotted away.
You feel sick.
Nessos shoots an arrow.
The arrow hits you!
* * * LOW HITPOINT WARNING * * *
The arrow burns you.
You are more poisoned.
* * * LOW HITPOINT WARNING * * *
There is a stone staircase leading up here.
You feel much better.
You feel sick.
Nessos shoots an arrow.
The arrow hits you!
* * * LOW HITPOINT WARNING * * *
The arrow burns you.
* * * LOW HITPOINT WARNING * * *
* * * LOW HITPOINT WARNING * * *
You feel sick.
Nessos shoots an arrow.
The arrow hits you.
* * * LOW HITPOINT WARNING * * *
The arrow burns you.
* * * LOW HITPOINT WARNING * * *
You climb upwards.
You die...

##.### #....###
##.....#######
#.......##.#.####
##...#........#.##
##....#..#...>...#
#................##
##........#.......#
#..@.......#.....##
#......##......#..##
##.....###...#.....#
#......###........#
#........#)........
##......[..........
#....#...#.....#.#.
##...#....#.........
#......)............


There were no monsters in sight!

Vanquished Creatures
  Rupert (Orc:2)
  3 entropy weavers (Lair:3)
  A hell beast (Lair:6)
  7 hydras
  2 ghost crabs (Lair:3)
  A catoblepas (Lair:6)
  2 two-headed ogres
  A queen ant (Lair:3)
  3 death yaks (Lair:5)
  Urug (D:10)
  Sonja (Orc:2)
  4 fire crabs (Lair:3)
  A wizard (Lair:6)
  3 ugly things
  3 oklob plants (Lair:5)
  10 elephants (Lair:6)
  A centaur zombie (D:10)
  Maurice (Orc:2)
  An apocalypse crab (Lair:3)
  3 ice statues (IceCv)
  5 black mambas
  7 spiny frogs
  A torpor snail (Lair:6)
  4 orange demons (Lair:6)
  3 komodo dragons
  5 rime drakes
  A red devil (Lair:6)
  A hellwing (Lair:6)
  A tyrant leech (Lair:2)
  An ice devil (Lair:6)
  A queen bee (D:8)
  10 blink frogs
  12 hippogriffs
  2 wyverns
  25 yaks
  3 basilisks
  3 hungry ghosts
  2 nagas (Lair:3)
  15 water moccasins
  20 soldier ants (Lair:3)
  4 hell hounds (Lair:6)
  2 sky beasts
  15 orc warriors
  9 porcupines
  9 ice beasts
  7 phantoms
  9 ogres
  2 black bears
  19 wolves
  6 centaurs
  9 crocodiles
  A big kobold (D:9)
  8 bullfrogs
  2 troll zombies (D:9)
  21 killer bees
  2 scorpions (D:9)
  2 howler monkeys (D:6)
  10 wights
  An electric eel (Lair:5)
  2 crimson imps
  2 bullfrog zombies
  A quasit (D:9)
  3 hounds
  11 orc wizards
  5 jellies
  15 orc priests
  A bullfrog skeleton (D:10)
  A centaur skeleton (D:10)
  3 iguanas
  Natasha (D:2)
  26 worker ants
  4 ogre zombies (D:9)
  Robin (D:4)
  6 adders
  3 oozes (Lair:6)
  2 worms (D:2)
  A dart slug (D:1)
  5 leopard geckos
  46 orcs
  10 bats
  13 goblins
  11 hobgoblins
  11 jackals
  12 kobolds
  5 quokkas
  3 ball pythons
  A ball python skeleton (D:5)
  4 frilled lizards
  A goblin skeleton (D:9)
  A goblin zombie (D:9)
  3 hobgoblin zombies (D:9)
  3 orc skeletons (D:9)
  11 orc zombies (D:9)
  A quokka skeleton (D:5)
  5 rats
  A bush (Lair:5)
  3 fungi (Lair:6)
  A plant (Lair:5)
549 creatures vanquished.

Vanquished Creatures (others)
  A water moccasin (Lair:6)
  2 bushes (Lair:6)
  21 fungi
  4 plants
28 creatures vanquished.

Grand Total: 577 creatures vanquished

Notes
Turn   | Place    | Note
-------+----------+-------------------------------------------
     0 | D:1      | nikopol the Deep Elf Fire Elementalist began the quest for
                  | the Orb.
     0 | D:1      | Reached XP level 1. HP: 10/10 MP: 6/6
   127 | D:1      | Reached XP level 2. HP: 15/15 MP: 2/8
   571 | D:2      | Reached XP level 3. HP: 18/19 MP: 8/10
   575 | D:2      | Learned a level 2 spell: Throw Flame
   579 | D:2      | Learned a level 3 spell: Conjure Flame
   599 | D:2      | Noticed Natasha
   610 | D:2      | Killed Natasha
   610 | D:2      | Reached skill level 4 in Spellcasting
   705 | D:2      | Noticed Sigmund
   821 | D:2      | Reached XP level 4. HP: 19/24 MP: 6/12
  1237 | D:2      | Learned a level 4 spell: Sticky Flame
  2618 | D:4      | Noticed Robin
  2959 | D:4      | Reached XP level 5. HP: 17/28 MP: 9/13
  3353 | D:4      | Killed Robin
  3443 | D:4      | Reached skill level 5 in Spellcasting
  3484 | D:4      | Found a shimmering altar of Xom.
  3756 | D:4      | Found a transporter.
  3762 | D:4      | Found a transporter.
  3765 | D:4      | Noticed Azzok's ghost (amateur DDFi)
  3798 | D:4      | Noticed an ogre
  3807 | D:4      | Killed an ogre
  3807 | D:4      | Reached XP level 6. HP: 32/32 MP: 10/16
  3814 | D:4      | Learned a level 5 spell: Fireball
  3847 | D:4      | Reached skill level 5 in Fire Magic
  4025 | D:4      | Identified the +5 spear "Usemops" {elec, +Fly rElec rPois
                  | Dex+3}
  4025 | D:4      | Identified the +0 scale mail "Bemusm" {rF++ Int+7}
  4042 | D:4      | Found an iron altar of Okawaru.
  4042 | D:4      | Found a shattered altar of Ashenzari.
  4043 | D:4      | Found a white marble altar of Elyvilon.
  4188 | D:5      | Entered Level 5 of the Dungeon
  4259 | D:5      | Reached skill level 6 in Spellcasting
  4259 | D:5      | Reached XP level 7. HP: 15/36 MP: 6/18
  4885 | D:5      | Found Pugathurr's Book Emporium.
  5258 | D:6      | Reached skill level 7 in Spellcasting
  5486 | D:6      | Reached XP level 8. HP: 42/42 MP: 8/20
  5636 | D:6      | Reached skill level 5 in Conjurations
  5809 | D:6      | Found a basalt altar of Yredelemnul.
  6068 | D:6      | Reached skill level 8 in Spellcasting
  6114 | D:6      | Found a staircase to the Ecumenical Temple.
  6123 | Temple   | Entered the Ecumenical Temple
  6146 | Temple   | Became a worshipper of Vehumet
  6398 | D:6      | Found a hazy altar of Hepliaklqana.
  6403 | D:6      | Found a stormy altar of Qazlal.
  6406 | D:6      | Found a deep blue altar of Sif Muna.
  6565 | D:7      | Reached skill level 1 in Fighting
  6650 | D:7      | Noticed a hippogriff
  6656 | D:7      | Killed a hippogriff
  6656 | D:7      | Reached skill level 9 in Spellcasting
  6866 | D:7      | Reached XP level 9. HP: 47/47 MP: 17/24
  7647 | D:8      | Reached skill level 10 in Spellcasting
  7647 | D:8      | Noticed a queen bee
  7658 | D:8      | Killed a queen bee
  7884 | D:8      | Reached * piety under Vehumet
  7884 | D:8      | Offered knowledge of Sting by Vehumet.
  8517 | D:8      | Found a deep blue altar of Sif Muna.
  8875 | D:9      | Reached skill level 11 in Spellcasting
  8955 | D:9      | Reached XP level 10. HP: 52/52 MP: 25/27
  9326 | D:9      | Noticed a two-headed ogre
  9343 | D:9      | Killed a two-headed ogre
  9343 | D:9      | Reached skill level 10 in Fire Magic
  9489 | D:9      | Offered knowledge of Freeze by Vehumet.
  9532 | D:9      | Reached ** piety under Vehumet
  9747 | D:9      | Reached skill level 12 in Spellcasting
  9909 | D:9      | Found a staircase to the Orcish Mines.
 10366 | D:10     | Entered Level 10 of the Dungeon
 10374 | D:10     | Offered knowledge of Static Discharge by Vehumet.
 10564 | D:10     | Noticed a brown ugly thing
 10690 | D:10     | Killed a brown ugly thing
 11027 | D:10     | Reached *** piety under Vehumet
 11351 | D:10     | Reached XP level 11. HP: 52/56 MP: 17/29
 11382 | D:10     | Found a staircase to the Lair.
 11536 | D:10     | Noticed Urug
 11547 | D:10     | Killed Urug
 11547 | D:10     | Reached skill level 5 in Stealth
 11748 | D:10     | Reached skill level 13 in Spellcasting
 11868 | D:10     | Offered knowledge of Dazzling Spray by Vehumet.
 11876 | D:10     | Learned a level 3 spell: Dazzling Spray
 12371 | Lair:1   | Entered Level 1 of the Lair of Beasts
 12526 | Lair:1   | Upgraded the game from 0.24-a0-504-gcfb02b9d07 to
                  | 0.24-a0-507-g3e8b242632
 12939 | Lair:1   | Found a white marble altar of Elyvilon.
 12960 | Lair:1   | Reached skill level 10 in Conjurations
 12970 | Lair:1   | Reached skill level 5 in Dodging
 13889 | Lair:2   | Reached skill level 14 in Spellcasting
 13904 | Lair:1   | Reached **** piety under Vehumet
 14054 | Lair:2   | Found a frozen archway.
 14120 | IceCv    | Entered an ice cave
 14241 | IceCv    | Noticed a white ugly thing
 14260 | IceCv    | Killed a white ugly thing
 14352 | IceCv    | Got an ichor-stained mace
 14353 | IceCv    | Identified the +7 mace of Zov Tyc {pain, *Noise Str+5} (You
                  | found it in an ice cave)
 14762 | IceCv    | Noticed a white ugly thing
 14781 | IceCv    | Killed a white ugly thing
 14781 | IceCv    | Offered knowledge of Bolt of Magma by Vehumet.
 14781 | IceCv    | Reached XP level 12. HP: 61/61 MP: 0/32
 14788 | IceCv    | Learned a level 5 spell: Bolt of Magma
 14972 | IceCv    | Got translucent ice dragon scales
 15021 | Lair:2   | Identified the +1 ice dragon scales "Tinked Ben" {rF- rC++
                  | rCorr Dex+3} (You found it in an ice cave)
 15540 | Lair:2   | Reached skill level 1 in Armour
 15847 | Lair:2   | Noticed a seven-headed hydra
 15852 | Lair:2   | Killed a seven-headed hydra
 16113 | Lair:2   | Noticed a four-headed hydra
 16116 | Lair:2   | Killed a four-headed hydra
 16116 | Lair:2   | Reached skill level 15 in Spellcasting
 16165 | Lair:2   | Found a staircase to the Swamp.
 16311 | Lair:2   | Noticed a seven-headed hydra
 16315 | Lair:2   | Killed a seven-headed hydra
 16565 | Lair:3   | Found a runed translucent door.
 16583 | Lair:3   | Reached skill level 1 in Earth Magic
 16611 | Lair:3   | Found a staircase to the Snake Pit.
 16642 | Lair:3   | Noticed a four-headed hydra
 16646 | Lair:3   | Killed a four-headed hydra
 17059 | Lair:3   | Reached ***** piety under Vehumet
 17061 | Lair:3   | Offered knowledge of Airstrike by Vehumet.
 17514 | Lair:3   | Noticed a queen ant
 17553 | Lair:3   | Killed a queen ant
 18883 | Lair:4   | Noticed a five-headed hydra
 18888 | Lair:4   | Killed a five-headed hydra
 18888 | Lair:4   | Reached skill level 16 in Spellcasting
 18888 | Lair:4   | Reached XP level 13. HP: 66/66 MP: 13/35
 20515 | Lair:6   | Entered Level 6 of the Lair of Beasts
 21005 | Lair:6   | Reached skill level 5 in Armour
 21876 | Lair:6   | Reached skill level 17 in Spellcasting
 21956 | Lair:6   | Found a staircase to the Slime Pits.
 22540 | Lair:6   | Reached XP level 14. HP: 72/72 MP: 37/37
 22914 | Lair:6   | Found a burning altar of Makhleb.
 22920 | Lair:6   | Found a gateway to Hell.
 23117 | Lair:3   | Noticed an entropy weaver
 23123 | Lair:3   | Killed an entropy weaver
 24005 | Lair:3   | Noticed an entropy weaver
 24009 | Lair:3   | Killed an entropy weaver
 24157 | Lair:3   | Noticed an entropy weaver
 24161 | Lair:3   | Killed an entropy weaver
 24413 | Orc:1    | Entered Level 1 of the Orcish Mines
 24662 | Orc:2    | Entered Level 2 of the Orcish Mines
 24663 | Orc:2    | Noticed Maurice
 24666 | Orc:2    | Noticed Rupert
 24744 | Orc:1    | Offered knowledge of Force Lance by Vehumet.
 24982 | Orc:2    | Killed Maurice
 25007 | Orc:2    | Killed Rupert
 25316 | Orc:2    | Found a staircase to the Elven Halls.
 25449 | Orc:2    | Noticed Sonja
 25454 | Orc:2    | Killed Sonja
 25816 | Orc:1    | Found a roughly hewn altar of Beogh.
 25940 | Orc:2    | Noticed Nessos
 25953 | Orc:2    | HP: 2/72 [Nessos/arrow (5)]
 25956 | Orc:1    | Succumbed to Nessos's poison

Levels and vault maps discovered:
D:1:      dpeg_arrival_windows_large_door, layout_rooms
D:2:      layout_basic, uniq_natasha, uniq_sigmund
D:3:      layout_loops_corners
D:4:      layout_basic, gammafunk_temple_overflow_claw,
          nicolae_overflow_crystal_walls, gammafunk_ghost_gnarly_gnolls,
          uniq_robin
D:5:      layout_loops_ring, first_ration, serial_shops, shop
D:6:      layout_gridville, yredelemnul_altar_generic,
          minmay_overflow_temple_star_quad, minmay_temple_entry_junction_2
D:7:      layout_loops_corners, minmay_between
D:8:      layout_loops_ring, david_nohive_1, lemuel_blue_sif_altar
D:9:      layout_loops_ring, zombieorc1_lemuel
D:10:     layout_grid_maze, david_lair_generic, uniq_urug
Temple:   eino_temple_lava
Lair:1:   layout_chaotic_city, basic_altar, serial_bayou_pond_d,
          grunt_megastairs_5, lemuel_fruit_fields
Lair:2:   layout_misc_corridors, palyth_hydra_swamp_entry,
          portal_ice_cave_entry_pillars_1
Lair:3:   gammafunk_mikee_crab_dinner, layout_cave_pods,
          minmay_snake_entry_guardpost_small, minivault_29
Lair:4:   layout_regular_city
Lair:5:   layout_small_grid, dpeg_oklob_1, serial_bayou_shore_a
Lair:6:   evil_forest, layout_hall_layers, nicolae_slime_entry_slimehenge
Orc:1:    nicolae_orc_accident_2, layout_caves
Orc:2:    st_orc_congregation, layout_caves, special_room, uniq_sonja,
          uniq_nessos, uniq_rupert, uniq_maurice

Skill      XL: |  1  2  3  4  5  6  7  8  9 10 11 12 13 14 |
---------------+-------------------------------------------+-----
Spellcasting   | 4 5 6 7 9 11 12 14 16 17 | 17.9
Fire Magic     | 4 5 6 7 9 10 12 13 14 | 14.7
Conjurations   | 2 3 4 6 7 9 10 12 13 | 13.7
Stealth        | 3 4 5 |  5.1
Dodging        | 3 4 5 |  5.6
Fighting       | 1 2 |  2.0
Armour         | 3 5 6 |  6.8
Earth Magic    | 1 2 4 |  4.2
Evocations     | |  0.8

Action                   |  1- 3 |  4- 6 |  7- 9 | 10-12 | 13-15 || total
-------------------------+-------+-------+-------+-------+-------++-------
Melee: Staff             |       |       |       |       |     1 ||     1
 Cast: Flame Tongue      |    58 |   116 |   155 |   500 |   181 ||  1010
       Conjure Flame     |       |     1 |     3 |    13 |       ||    17
       Sticky Flame      |       |     5 |    38 |    84 |    54 ||   181
       Throw Flame       |       |       |     5 |    41 |    19 ||    65
       Fireball          |       |       |     7 |    60 |    84 ||   151
       Bolt of Magma     |       |       |       |    13 |    88 ||   101
Evoke: Wand              |       |     3 |     1 |     6 |       ||    10
  Use: Scroll            |       |       |       |    19 |     7 ||    26
       Potion            |       |       |       |       |     4 ||     4
  Eat: Chunk             |       |     9 |    15 |    28 |    13 ||    65
       Ration            |       |       |     1 |     2 |     2 ||     5
Armor: Robe              |    15 |     5 |    11 |    23 |       ||    54
       Ice dragon scales |       |       |       |    20 |    64 ||    84
Dodge: Dodged            |    21 |    37 |    47 |   111 |    42 ||   258

Table legend:
 A = Non-vault XP
 B = Vault XP
 C = Vault XP percentage of total XP
 D = Non-vault monster count
 E = Vault monster count
 F = Vault count percentage of total count
                 A         B        C        D         E       F
            +---------+---------+-------+---------+---------+-------
      Total |   47443 |   39756 |  45.6 |     364 |     180 |  33.1
            +---------+---------+-------+---------+---------+-------
        D:1 |      39 |       0 |   0.0 |      23 |       0 |   0.0
        D:2 |      60 |      35 |  36.8 |      25 |       1 |   3.8
        D:3 |      20 |       0 |   0.0 |       9 |       0 |   0.0
        D:4 |     537 |      37 |   6.4 |      14 |      13 |  48.1
        D:5 |     453 |       0 |   0.0 |      15 |       0 |   0.0
        D:6 |     988 |       0 |   0.0 |      22 |       0 |   0.0
        D:7 |     897 |     202 |  18.4 |      11 |       4 |  26.7
        D:8 |     612 |    1234 |  66.8 |       9 |      16 |  64.0
        D:9 |    3355 |     684 |  16.9 |      35 |      28 |  44.4
       D:10 |    2783 |    1586 |  36.3 |      35 |       5 |  12.5
     Lair:1 |    3498 |     738 |  17.4 |      17 |       3 |  15.0
     Lair:2 |    4462 |    2255 |  33.6 |      17 |       3 |  15.0
     Lair:3 |    3665 |   14755 |  80.1 |      14 |      54 |  79.4
     Lair:4 |    3345 |       0 |   0.0 |       8 |       0 |   0.0
     Lair:5 |    3419 |    1710 |  33.3 |       9 |       3 |  25.0
     Lair:6 |   16330 |    8612 |  34.5 |      61 |      31 |  33.7
      Orc:1 |    1182 |     383 |  24.5 |      21 |       5 |  19.2
      Orc:2 |    1798 |    4325 |  70.6 |      19 |       3 |  13.6
      IceCv |       0 |    3200 | 100.0 |       0 |      11 | 100.0
            +---------+---------+-------+---------+---------+-------
